 Dungeon Crawl Stone Soup version 0.21.0-3-g78d12a8 (webtiles) character file.

2737 Gorglomux the Covered (level 9, -3/82 HPs)
             Began as a Deep Dwarf Fighter on Jan 12, 2018.
             Was an Initiate of Makhleb.
             Slain by a hornet (11 damage)
             ... on level 8 of the Dungeon.
             The game lasted 00:03:46 (4441 turns).

Gorglomux the Covered (Deep Dwarf Fighter)          Turns: 4441, Time: 00:03:47

Health: -3/82      AC: 10    Str: 22    XL:     9   Next: 40%
Magic:  8/8        EV: 11    Int: 15    God:    Makhleb [......]
Gold:   208        SH: 16    Dex: 12    Spells: 8/8 levels left

rFire    . . .     SeeInvis .   a - +0 war axe
rCold    + . .     Gourm    .   N - +0 shield
rNeg     . . .     Faith    .   b - +0 scale mail
rPois    .         Spirit   .   (no helmet)
rElec    .         Reflect  +   (no cloak)
rCorr    .         Harm     .   V - +1 pair of gloves of Nopsydui {Int+5 Stlth+}
MR       +....                  (no boots)
Stlth    +.........             U - +5 amulet of reflection
HPRegen  0.00/turn              c - ring of protection from cold
MPRegen  0.11/turn              (no ring)

@: lethally poisoned (-3 -> -3), non-regenerating, slowed, very slow
A: damage resistance, heal wounds, sense surroundings 2, no regeneration
a: Heal Wounds, Renounce Religion


You were on level 8 of the Dungeon.
You worshipped Makhleb.
Makhleb was noncommittal.
You were not hungry.

You visited 2 branches of the dungeon, and saw 9 of its levels.

You collected 288 gold pieces.
You spent 80 gold pieces at shops.

Inventory:

Hand Weapons
 a - a +0 war axe (weapon)
Armour
 b - a +0 scale mail (worn)
 N - a +0 shield (worn)
 V - the +1 pair of gloves of Nopsydui (worn) {Int+5 Stlth+}
   (You found it on level 6 of the Dungeon)

   It affects your intelligence (+5).
   It makes you more stealthy.
Jewellery
 c - a ring of protection from cold (left hand)
 U - a +5 amulet of reflection (around neck)
 W - an uncursed amulet of magic regeneration {unknown}
Wands
 A - a wand of acid (7)
 I - a wand of iceblast (19)
 P - a wand of paralysis (1)
Scrolls
 o - a scroll of fog
 s - 3 scrolls of immolation
 B - 2 scrolls of blinking
 K - 2 scrolls of enchant weapon {unknown}
 L - 2 scrolls of silence
 M - 2 scrolls of fear {unknown}
 O - a scroll of magic mapping {unknown}
 T - 2 scrolls of teleportation
 Y - a scroll of noise {unknown}
 Z - a scroll of enchant armour {unknown}
Potions
 d - 2 potions of might
 h - a potion of resistance
 j - 3 potions of mutation {!q}
 k - 5 potions of curing
 m - 4 potions of magic
 p - 2 potions of cancellation
 t - a potion of haste
 v - 3 potions of heal wounds
 w - a potion of lignification
Books
 X - a book of Geomancy

   Spells                             Type                      Level
   a - Sandblast                      Earth                        1
   b - Passwall                       Transmutation/Earth          2
   c - Stone Arrow                    Conjuration/Earth            3
   d - Petrify                        Transmutation/Earth          4
   e - Lee's Rapid Deconstruction     Earth                        5
Comestibles
 f - 12 rations
 S - 19 chunks of flesh


   Skills:
 + Level 5.9 Fighting
 + Level 6.6 Axes
 + Level 7.2 Armour
 - Level 5.6 Dodging
 + Level 7.1 Shields
 + Level 2.6 Invocations


You had 8 spell levels left.
You didn't know any spells.

Dungeon Overview and Level Annotations

Branches:
Dungeon (8/15)             Temple (1/1) D:6
   Lair: D:8-11

Altars:
Ashenzari
Cheibriados
Dithmenos
Elyvilon
Hepliaklqana
Kikubaaqudgha
Makhleb
Nemelex Xobeh
Okawaru
Qazlal
Ru
Yredelemnul

Shops:
D:5 !

Portals:
Sewer: D:3


Innate Abilities, Weirdness & Mutations

You are resistant to damage.
You can heal yourself by infusing magical energy.
You passively map the area around you.
You do not regenerate.


Message History

* * * don't die
* * * You feel as though you butt be slow longer!
You barely miss the hornet!
The butt is heavily wounded!
The butt closely misses you!
The hornet stings you but does no damage!
You are too injured to fight recklessly!!!
Unknown command!
You closely miss the hornet!
The hornet is heavily wounded!
You block the hornet's attack!
The hornet stings you!!! * * * don't die
* * * You are more poisoned!
Butt feel as though you will be slow longer!
The hornet butts you but butts no butt!
You cut the butt into ribbons!!!
The hornet is severely wounded!
Butt feel very sick!
The hornet stings you!!! rip

, #.....#........... *
###>..(........... , ,
####*#..)#...........
,,
#...##...#...........,
, ,
,#......#........... ,
, ,
#......######.....# *
,* * *####...# *.....#
,*
,#.##...####**.....#
,, #y@........+,....#
,, * #a##.#######
....# * , * #.#a#.# *
* * *, ## #.# * *, ,,
..# ** *, ** * ..# * 8
* ..+, , , ,, , * ,* ,
* ,.# , , * , , , *
+**


You could see a soldier ant and a hornet.

Vanquished Creatures
  Pikel (D:7)
  A hornet (D:8)
  Grinder (D:3)
  A water moccasin (D:7)
  An orc warrior (D:8)
  2 ice beasts (D:7)
  A sky beast (D:7)
  2 ogres (D:7)
  2 centaurs (D:5)
  2 bullfrogs (D:7)
  2 big kobolds
  A wyvern skeleton (D:7)
  3 wights (D:6)
  4 crimson imps
  A quasit (D:8)
  3 hounds
  An orc priest (D:8)
  A jelly (D:7)
  A bullfrog skeleton (D:8)
  An iguana (D:6)
  Natasha (D:3)
  2 orc wizards
  A worker ant (D:5)
  2 hound skeletons
  A howler monkey zombie (D:7)
  6 adders
  4 shadow imps
  An ooze (D:1)
  3 worms
  2 dart slugs (D:1)
  6 leopard geckos
  11 orcs
  2 bats
  4 giant cockroaches
  2 goblins (D:1)
  4 hobgoblins
  6 kobolds
  3 quokkas
  3 frilled lizards
  14 rats
110 creatures vanquished.

Notes
Turn   | Place    | Note
-------+----------+-------------------------------------------
     0 | D:1      | Gorglomux the Deep Dwarf Fighter began the quest for the Orb.
     0 | D:1      | Reached XP level 1. HP: 20/20 MP: 1/1
    52 | D:1      | Reached XP level 2. HP: 27/27 MP: 2/2
   553 | D:2      | Reached skill level 1 in Dodging
   589 | D:2      | Reached skill level 3 in Fighting
   589 | D:2      | Reached XP level 3. HP: 23/34 MP: 3/3
   800 | D:2      | Reached XP level 4. HP: 24/42 MP: 4/4
  1039 | D:3      | Noticed Natasha
  1047 | D:3      | Killed Natasha
  1047 | D:3      | Reached skill level 3 in Axes
  1146 | D:3      | Found a glowing drain.
  1183 | D:3      | Noticed Grinder
  1190 | D:3      | Paralysed by Grinder for 4 turns
  1207 | D:3      | Paralysed by Grinder for 7 turns
  1228 | D:3      | Killed Grinder
  1228 | D:3      | Reached XP level 5. HP: 24/50 MP: 5/5
  1228 | D:3      | Reached XP level 6. HP: 27/57 MP: 6/6
  1465 | D:4      | Found a shadowy altar of Dithmenos.
  1888 | D:5      | Entered Level 5 of the Dungeon
  1888 | D:5      | Found Xyru Kikh's Distillery.
  1897 | D:5      | Reached skill level 3 in Dodging
  1904 | D:5      | Bought a potion of heal wounds for 50 gold pieces
  1904 | D:5      | Bought a potion of curing for 30 gold pieces
  2114 | D:5      | Reached XP level 7. HP: 43/64 MP: 7/7
  2291 | D:5      | Found a sacrificial altar of Ru.
  2612 | D:6      | Got a pair of slimy gloves
  2618 | D:6      | Identified the +1 pair of gloves of Nopsydui {Int+5 Stlth+} (You found it on level 6 of the Dungeon)
  2676 | D:6      | You fall through a shaft for 2 floors!
  2766 | D:7      | Reached XP level 8. HP: 33/73 MP: 8/8
  2919 | D:7      | Reached skill level 6 in Armour
  2919 | D:7      | Reached skill level 6 in Shields
  3401 | D:6      | Found a hazy altar of Hepliaklqana.
  3403 | D:6      | Found an iron altar of Okawaru.
  3403 | D:6      | Found a white marble altar of Elyvilon.
  3479 | D:6      | Found a staircase to the Ecumenical Temple.
  3679 | Temple   | Entered the Ecumenical Temple
  3723 | Temple   | Became a worshipper of Makhleb the Destroyer
  3827 | D:7      | Noticed Pikel
  3837 | D:7      | Paralysed by Pikel for 6 turns
  3863 | D:7      | Killed Pikel
  3863 | D:7      | Reached skill level 6 in Axes
  3863 | D:7      | Gained mutation: You passively map the area around you. [Deep Dwarf growth]
  3863 | D:7      | Reached XP level 9. HP: 34/81 MP: 8/8
  3994 | D:7      | Reached skill level 1 in Invocations
  4430 | D:8      | Paralysed by a hornet for 3 turns
  4441 | D:8      | Slain by a hornet

Skill      XL: |  1  2  3  4  5  6  7  8  9 |
---------------+----------------------------+-----
Dodging        | 1 2 3 4 5 |  5.6
Fighting       | 3 4 5 |  5.9
Axes           | 3 4 6 |  6.6
Armour         | 4 5 6 7 |  7.2
Shields        | 4 5 6 7 |  7.1
Invocations    | 2 |  2.6

Action                   |  1- 3 |  4- 6 |  7- 9 || total
-------------------------+-------+-------+-------++-------
Melee: War axe           |    83 |   122 |   289 ||   494
 Abil: Heal Wounds       |       |     6 |    12 ||    18
Evoke: Wand              |       |       |     1 ||     1
  Use: Potion            |       |     1 |       ||     1
       Scroll            |       |       |    11 ||    11
  Eat: Chunk             |       |     4 |     8 ||    12
Armor: Scale mail        |    37 |    39 |   122 ||   198
Dodge: Dodged            |    27 |    41 |   104 ||   172
Block: Shield            |    39 |    68 |   265 ||   372
       Reflection        |       |       |     5 ||     5
